 Dungeon Crawl Stone Soup version 0.32-a0-868-g153ae1a8d6 (webtiles) character file.

Game seed: 16080811572875379110

121466 epen the Carver (level 16, -12/121 (131) HPs)
             Began as a Gnoll Chaos Knight on Mar 28, 2024.
             Was a Plaything of Xom.
             Killed from afar by a halazid warlock (53 damage)
             ... with a ghostly fireball
             ... in the Desolation of Salt.
             The game lasted 00:53:35 (22010 turns).

epen the Carver (Gnoll Chaos Knight)               Turns: 22010, Time: 00:53:36

HP:   -12/121 (131) AC: 29    Str: 12    XL:     16   Next: 85%
MP:   25/31         EV: 19    Int: 22    God:    Xom [.*....]
Gold: 2667          SH: 15    Dex: 31    Spells: 35/38 levels left

rFire   + . .        r - +7 rapier of Compound Interest {speed, Dex+2}
rCold   + + +        J - +2 buckler
rNeg    . . .        Z - +7 chain mail of the Floral God {^Contam +Blink Dex+3 Slay+2}
rPois   .            N - +2 hat "Nohu" {^Contam Will+ Int+2 Dex+3}
rElec   .            x - +0 cloak
rCorr   .            R - +0 pair of gloves of the gadgeteer {Gadgeteer Wandboost ^Fragile}
SInv    .            M - +1 pair of boots {rampage}
Will    +++++        y - amulet of regeneration
Stlth   +++          o - ring "Sosotack" {rC+ Dex+4}
HPRegen 1.20/turn    C - +5 ring of evasion
MPRegen 0.22/turn

%: clarity, rampage
@: lethally poisoned (-12 -> -13), drained
A: fangs 1, strong nose, distributed training, antennae 2, talons 1, iridescent
scales 1, large bone plates 1, agile 1, clarity, clever 2, cold resistance 3,
fire resistance 1, strong-willed 3, strong 1, MP-powered wands
a: Renounce Religion, Evoke Blink


You were in the Desolation of Salt.
You worshipped Xom.
You were a plaything of Xom.
You visited 4 branches of the dungeon, and saw 23 of its levels.
You also visited: Gauntlet and Desolation.

You collected 2829 gold pieces.
You spent 162 gold pieces at shops.

Inventory:

Hand Weapons
 a - a +1 falchion of freezing
 r - the +7 rapier of Compound Interest (weapon) {speed, Dex+2}
   (You bought it in a shop on level 1 of the Dungeon)

   Dex+2:     It affects your dexterity (+2).
Missiles
 k - 6 throwing nets (quivered)
Armour
 x - a +0 cloak (worn)
 J - a +2 buckler (worn)
 M - a +1 pair of boots of rampaging (worn)
 N - the +2 hat "Nohu" (worn) {^Contam Will+ Int+2 Dex+3}
   (You found it in a Gauntlet)

   Int+2:     It affects your intelligence (+2).
   Dex+3:     It affects your dexterity (+3).
   Will+:     It increases your willpower.
   ^Contam:   It causes magical contamination when unequipped.
 R - the +0 pair of gloves of the gadgeteer (worn) {Gadgeteer Wandboost ^Fragile}
   (You found it in a Gauntlet)

   Gadgeteer: Your evocable items recharge 30% faster and wands have a 30%
   chance to not spend a charge.
   Wandboost: Your wands are more powerful.
   ^Fragile:  It will be destroyed if unequipped.
 Z - the +7 chain mail of the Floral God (worn) {^Contam +Blink Dex+3 Slay+2}
   (You found it on level 11 of the Dungeon)

   Dex+3:     It affects your dexterity (+3).
   Slay+2:    It affects your accuracy & damage with ranged weapons and melee
   (+2).
   +Blink:    It lets you blink.
   ^Contam:   It causes magical contamination when unequipped.
Jewellery
 o - the ring "Sosotack" (left hand) {rC+ Dex+4}
   (You found it on level 3 of the Dungeon)

   [ring of protection from cold]

   Dex+4:     It affects your dexterity (+4).
   rC+:       It protects you from cold.
 y - an amulet of regeneration (around neck)
 A - a ring of flight
 C - a +5 ring of evasion (right hand)
 H - a ring of resist corrosion
 X - a ring of willpower
Wands
 d - a wand of iceblast (4)
 s - a wand of light (10)
 w - a wand of paralysis (26)
 z - a wand of polymorph (15)
 B - a wand of flame (46)
Scrolls
 c - a scroll of butterflies
 h - a scroll of torment
 i - 8 scrolls of teleportation
 l - a scroll of enchant armour
 n - a scroll of vulnerability
 p - a scroll of silence
 q - 14 scrolls of identify
 u - a scroll of brand weapon
 D - 6 scrolls of fear
 F - 5 scrolls of poison
 O - a scroll of enchant weapon
 Q - 3 scrolls of fog
 V - 3 scrolls of amnesia
Potions
 b - a potion of attraction
 e - 17 potions of curing
 f - 4 potions of degeneration
 g - a potion of cancellation
 j - 3 potions of mutation
 m - 6 potions of heal wounds
 t - 2 potions of invisibility
 v - 3 potions of brilliance
 G - a potion of enlightenment
 I - 3 potions of resistance
 K - 4 potions of magic
Miscellaneous
 E - a Gell's gravitambourine (1/2)
 P - a phantom mirror
 T - a tin of tremorstones (inert)
 Y - a lightning rod (4/4)


   Skills:
 + Level 13.2 Fighting
 + Level 11.6 Short Blades
 + Level 13.2 Long Blades
 + Level 11.6 Axes
 + Level 11.6 Maces & Flails
 + Level 11.6 Polearms
 + Level 11.6 Staves
 + Level 11.6 Ranged Weapons
 + Level 11.6 Throwing
 + Level 12.4 Armour
 + Level 11.9 Dodging
 + Level 11.6 Stealth
 + Level 11.6 Shields
 + Level 11.6 Unarmed Combat
 + Level 11.6 Spellcasting
 + Level 9.8 Conjurations
 + Level 9.8 Hexes
 + Level 9.8 Summonings
 + Level 9.8 Necromancy
 + Level 9.8 Translocations
 + Level 9.8 Fire Magic
 + Level 9.8 Ice Magic
 + Level 9.8 Air Magic
 + Level 9.8 Earth Magic
 + Level 9.8 Alchemy
 + Level 12.6 Invocations
 + Level 11.6 Evocations
 + Level 10.6 Shapeshifting


You had 35 spell levels left.
You knew the following spells:

 Your Spells              Type           Power      Damage    Failure   Level
a - Dazzling Flash        Conj/Hex       100%       N/A       4%          3

Your spell library contained the following spells:

 Spells                   Type           Power      Damage    Failure   Level
 Apportation              Tloc           100%       N/A       1%          1
 Foxfire                  Conj/Fire      100%       2x1d9     1%          1
 Slow                     Hex            100%       N/A       1%          1
 Cigotuvi's Dreadful Rot  Necr/Alch/Air  100%       N/A       1%          2
 Lesser Beckoning         Tloc           100%       N/A       1%          2
 Static Discharge         Conj/Air       100%       3-8/arc   1%          2
 Confusing Touch          Hex            54%        N/A       4%          3
 Frozen Ramparts          Ice            100%       1d16      4%          3
 Hailstorm                Conj/Ice       54%        3d11      4%          3
 Mephitic Cloud           Conj/Alch/Air  54%        N/A       4%          3
 Ozocubu's Armour         Ice            54%        N/A       4%          3
 Summon Ice Beast         Ice/Summ       54%        N/A       4%          3
 Teleport Other           Tloc           54%        N/A       4%          3
 Vampiric Draining        Necr           54%        2d9       4%          3
 Airstrike                Air            27%        2d(4-20)  13%         4
 Dispel Undead            Necr           54%        3d20      13%         4
 Martyr's Knell           Necr/Summ      54%        N/A       13%         4
 Maxwell's Portable Pile  Tloc           54%        2d(13-26) 13%         4
 Summon Lightning Spire   Summ/Air       54%        N/A       13%         4
 Arcjolt                  Conj/Air       27%        1d37      36%         5
 Borgnjor's Vile Clutch   Necr/Erth      27%        N/A       36%         5
 Curse of Agony           Necr           54%        N/A       36%         5
 Metabolic Englaciation   Hex/Ice        27%        N/A       36%         5
 Silence                  Hex/Air        27%        N/A       36%         5
 Summon Forest            Summ/Tloc      27%        N/A       36%         5
 Dispersal                Tloc           27%        N/A       90%         6
 Gell's Gavotte           Tloc           27%        2d(23-34) 90%         6
 Permafrost Eruption      Ice/Erth       27%        2x4d8     90%         6
 Plasma Beam              Fire/Air       27%        2x1d39    90%         6
 Sculpt Simulacrum        Ice/Alch       27%        N/A       90%         6
 Starburst                Conj/Fire      27%        6d9       90%         6
 Maxwell's Capacitive Co  Air            27%        ∞         100%        8


Dungeon Overview and Level Annotations

Branches:
Dungeon (15/15)            Temple (0/1) D:6            Lair (5/5) D:9
  Swamp (0/4) Lair:2        Snake (0/4) Lair:2        Slime (0/5) Lair:4
    Orc (2/2) D:10            Elf (1/3) Orc:2        Vaults (0/5) D:13
 Depths (0/4) D:15        Desolation (1/1)          Gauntlet (visited)

Altars:
Cheibriados
Dithmenos
Fedhas
Hepliaklqana
Nemelex Xobeh
Okawaru
Trog
Uskayaw
Xom
Yredelemnul
Beogh
Jiyva
Lugonu

Shops:
D:1 [([   D:2 (   D:8 =   D:12 [*[*=   Orc:2 ?[[([

Portals:
Abyss: Lair:5

Annotations:
D:3 2 transporters, SunderingTitan's ghost, amateur DrSh
D:7 2 runed translucent doors
D:10 1 runed translucent door
D:11 1 runed translucent door
Lair:3 3 runed translucent doors, Twiddyhohoho's ghost, journeyman TrWr


Innate Abilities, Weirdness & Mutations

You have very sharp teeth.
Your uncanny sense of smell can sniff out nearby items.
Your experience applies equally to all skills.
You have a pair of antennae on your head.
You have sharp toenails.
You are partially covered in iridescent scales. (AC +2)
You are partially covered in large bone plates. (SH +4)
You are agile. (Dex +4, Str/Int -1)
You possess an exceptional clarity of mind.
Your mind is very acute. (Int +8, Str/Dex -2)
Your flesh is almost immune to the effects of cold. (rC+++)
Your flesh is heat resistant. (rF+)
You are extremely strong-willed. (Will+++)
Your muscles are strong. (Str +4, Int/Dex -1)
You expend magic power (3 MP) to strengthen your wands.


Message History

The burst of rock shards engulfs the ragged hierophant!
The burst of rock shards engulfs the molten gargoyle!
The burst of rock shards engulfs the peacekeeper but does no damage.
The burst of rock shards engulfs the saltling but does no damage.
The burst of rock shards engulfs the saltling.
The burst of rock shards engulfs the saltling!
The burst of rock shards engulfs the saltling but does no damage.
The burst of rock shards engulfs the saltling. x2
The burst of rock shards engulfs the servant of whispers!
The burst of rock shards engulfs the saltling but does no damage.
The burst of rock shards engulfs the saltling.
The burst of rock shards engulfs the ragged hierophant!!
You kill the ragged hierophant!
The burst of rock shards engulfs the saltling.
The burst of rock shards engulfs the peacekeeper but does no damage.
The burst of rock shards engulfs the saltling.
The burst of rock shards engulfs the saltling but does no damage. x2
The burst of rock shards engulfs the saltling.
The burst of rock shards engulfs the saltling but does no damage. x2
The burst of rock shards engulfs the servant of whispers.
You kill the servant of whispers!
The burst of rock shards engulfs the halazid warlock but does no damage.
The burst of rock shards engulfs you but does no damage.
The burst of rock shards engulfs the saltling.
The burst of rock shards engulfs the molten gargoyle but does no damage.
The burst of rock shards engulfs the peacekeeper but does no damage.
The burst of rock shards engulfs the saltling.
The burst of rock shards engulfs the saltling but does no damage.
The tin is emptied!
You feel sick.
You hear a roar!
The saltling barely misses you. You block the saltling's attack.
You block the molten gargoyle's attack.
The halazid warlock gestures at the molten gargoyle while chanting.
The molten gargoyle's animating energy erupts into ghostly fire!
The ghostly flame explodes!
The ghostly fireball engulfs the saltling.
The saltling completely resists.
The ghostly fireball engulfs you!!!
You feel drained.
You die...
Xom chuckles heartily!

...... .
....§§§............
.....§§§§.......... #
#...§§§§.......... .. ,
∆#.9..§§§§......... #.
,∆#ß..).§§§.........
#.###...a.§#§.........
..##..9L99..............
.....p.@999........∩.∩..
#..####.999§_.§.........
#ß♣99§..§.........
∆∆#.).§§§...........
#....§§9..........
....§§§§99§........
.....§§§§§§§........
.....§.§§§....#.....
....§...§§


You could see a servant of whispers (blind, unable to see you), a halazid
warlock, an ironbound convoker (summoned), a peacekeeper, a molten gargoyle
(summoned) and 10 saltlings.

Vanquished Creatures
  Jorgrun (Orc:1)
  Donald (Orc:2)
  2 orc warlords (Orc:2)
  Louise (D:15)
  A minotaur (Gauntlet)
  A halazid warlock (Desolation)
  Snorg (Orc:2)
  2 ragged hierophants (Desolation)
  A great orb of eyes (D:15)
  2 servants of whispers
  Harold (Lair:2)
  3 hydras
  4 rakshasas (D:15)
  10 boulder beetles
  13 death yaks
  A centaur warrior (D:13)
  5 two-headed ogres
  3 tengu warriors
  3 thrashing horrors (Lair:5)
  Urug (D:13)
  3 deep elf knights (Elf:1)
  Sonja (Orc:1)
  Amaemon (Lair:3)
  2 skysharks
  3 skeletal warriors (D:14)
  Lodul (D:13)
  2 arcanists
  A sixfirhy (Gauntlet)
  A deep elf archer (Elf:1)
  12 deep elf pyromancers
  A glowing orange brain (shapeshifter) (D:15)
  4 large abominations
  2 necromancers (Elf:1)
  2 obsidian bats (Orc:2)
  3 orc knights (Orc:2)
  2 thermic dynamos (Elf:1)
  2 deep elf zephyrmancers (Elf:1)
  A wolf spider (Lair:1)
  An orc sorcerer (Orc:2)
  20 ugly things
  5 cyclopes
  3 manticores (D:11)
  7 elephants
  5 kobold blastminers (Orc:2)
  3 black mambas
  A guardian serpent (Desolation)
  2 torpor snails
  An orange demon (Lair:3)
  A rust devil (Gauntlet)
  6 smoke demons (Lair:5)
  3 kobold demonologists
  5 gargoyles
  12 cane toads
  A rime drake (Lair:4)
  2 unseen horrors (D:11)
  4 komodo dragons
  A hornet (D:8)
  7 trolls
  4 polar bears
  A polar bear (shapeshifter) (D:11)
  14 blink frogs
  4 saltlings
  2 raiju (Lair:5)
  13 dream sheep
  3 centaur simulacra
  4 slime creatures
  A vampire (D:11)
  2 shadows
  3 water elementals
  2 ynoxinuls (Lair:5)
  7 wraiths
  53 yaks
  7 wyverns
  An air elemental (Elf:1)
  A golden eye (D:13)
  15 humans (D:13)
  5 basilisks
  4 wargs (Orc:2)
  A steam dragon (D:9)
  2 vampire mosquitoes (D:14)
  3 nagas (Lair:2)
  2 acid dragons (D:11)
  10 water moccasins
  A hell hound (Gauntlet)
  19 orc warriors
  2 ice beasts
  4 black bears
  6 ogres
  3 boggarts (D:12)
  9 centaurs
  2 phantoms
  15 bullfrogs
  2 elf zombies (Elf:1)
  6 kobold brigands
  A gnoll sergeant (D:10)
  An earth elemental (Elf:1)
  14 scorpions
  8 small abominations (Lair:5)
  6 wights
  A killer bee (Lair:5)
  8 howler monkeys
  2 electric eels
  A bombardier beetle (D:6)
  3 jellies (Lair:4)
  Crazy Yiuf (D:6)
  2 hounds
  A jelly (shapeshifter) (Orc:2)
  15 orc priests
  2 sleepcaps
  2 iguanas (D:6)
  32 orc wizards
  3 adders
  8 gnolls
  3 shadow imps
  3 white imps
  2 ufetubi (D:6)
  A ribbon worm (D:3)
  4 dart slugs
  83 orcs
  5 bats
  8 endoplasms
  5 giant cockroaches
  6 goblins
  3 hobgoblins
  6 jackals (D:2)
  5 quokkas
  7 ball pythons
  4 frilled lizards
  12 kobolds
  7 rats
  A butterfly (D:10)
700 creatures vanquished.

Vanquished Creatures (collateral kills)
  Josephine (D:15)
  A centaur warrior (D:13)
  An obsidian bat (Orc:2)
  An orc knight (D:15)
  2 ugly things (D:15)
  An orc sorcerer (Orc:1)
  A kobold blastminer (Orc:2)
  An unseen horror (D:11)
  A gargoyle (D:7)
  5 yaks
  A water elemental (D:15)
  2 wargs (Orc:2)
  A small abomination (Lair:5)
  3 orc warriors (Orc:2)
  2 ogres
  A wight (D:10)
  An electric eel (D:15)
  2 howler monkeys (D:10)
  3 orc priests (Orc:2)
  3 orc wizards (Orc:2)
  4 orcs
  An endoplasm (D:6)
  A bat (D:3)
40 creatures vanquished.

Vanquished Creatures (others)
  2 dancing weapons
  A manticore (D:11)
  A gargoyle (D:11)
  An unseen horror (D:11)
  A komodo dragon (Lair:4)
  3 saltlings
  A blink frog (Lair:5)
  A human (D:13)
  A ynoxinul (Lair:5)
  An acid dragon (shapeshifter) (D:11)
  An orc priest (D:15)
  3 orc wizards (Orc:2)
  An orc (D:15)
  A bat (Lair:5)
19 creatures vanquished.

Grand Total: 759 creatures vanquished

Notes
Turn   | Place    | Note
-------+----------+-------------------------------------------
     0 | D:1      | epen the Gnoll Chaos Knight began the quest for the Orb.
     0 | D:1      | Reached XP level 1. HP: 23/23 MP: 1/1
    22 | D:1      | XOM: silly message
    84 | D:1      | XOM: enchant monster (bad)
   101 | D:1      | Reached XP level 2. HP: 26/29 MP: 2/2
   131 | D:1      | Found Pofagg's Armour Shoppe.
   152 | D:1      | Found Riet's Antique Weapon Shop.
   203 | D:1      | XOM: scenery: 1 doors open
   406 | D:1      | Found Fucymnub's Antique Armour Shoppe.
   707 | D:2      | Reached XP level 3. HP: 35/35 MP: 3/3
   778 | D:2      | Found Zumut's Weapon Shop.
   799 | D:2      | Reached skill level 1 in Invocations
   800 | D:2      | Identified the +2 pair of gloves of Starshine {rCorr Int+2
                  | Dex-4}
   801 | D:2      | XOM: smoke on damage
   967 | D:2      | Reached skill level 1 in Short Blades
   967 | D:2      | Reached skill level 1 in Axes
   967 | D:2      | Reached skill level 1 in Maces & Flails
   967 | D:2      | Reached skill level 1 in Polearms
   967 | D:2      | Reached skill level 1 in Staves
   967 | D:2      | Reached skill level 1 in Ranged Weapons
   967 | D:2      | Reached skill level 1 in Throwing
   967 | D:2      | Reached skill level 1 in Stealth
   967 | D:2      | Reached skill level 1 in Shields
   967 | D:2      | Reached skill level 1 in Unarmed Combat
   967 | D:2      | Reached skill level 1 in Spellcasting
   967 | D:2      | Reached skill level 1 in Evocations
   973 | D:2      | XOM: 3-stop teleportation journey
  1010 | D:2      | XOM: scenery: create altars
  1035 | D:2      | XOM: fog
  1053 | D:2      | Reached skill level 1 in Shapeshifting
  1053 | D:2      | Reached XP level 4. HP: 41/41 MP: 5/5
  1073 | D:2      | XOM: summons 3 hostile demons
  1363 | D:2      | Found a faded altar of an unknown god.
  1431 | D:2      | XOM: god gift: scroll labelled ECAETUENUTO {god gift}
  1566 | D:3      | Found a transporter.
  1566 | D:3      | Noticed SunderingTitan's ghost (amateur DrSh)
  1601 | D:3      | Noticed a phantom
  1753 | D:3      | Noticed a scorpion
  1760 | D:3      | Killed a scorpion
  1761 | D:3      | Reached skill level 1 in Conjurations
  1761 | D:3      | Reached skill level 1 in Hexes
  1761 | D:3      | Reached skill level 1 in Summonings
  1761 | D:3      | Reached skill level 1 in Necromancy
  1761 | D:3      | Reached skill level 1 in Translocations
  1761 | D:3      | Reached skill level 1 in Fire Magic
  1761 | D:3      | Reached skill level 1 in Ice Magic
  1761 | D:3      | Reached skill level 1 in Air Magic
  1761 | D:3      | Reached skill level 1 in Earth Magic
  1761 | D:3      | Reached skill level 1 in Alchemy
  1761 | D:3      | Reached XP level 5. HP: 41/47 MP: 5/7
  1834 | D:3      | Identified the ring "Sosotack" {rC+ Dex+4}
  1853 | D:3      | Found a shadowy altar of Dithmenos.
  1936 | D:3      | Found a blossoming altar of Fedhas.
  2014 | D:3      | XOM: scenery: summon butterflies
  2233 | D:3      | Found a transporter.
  2354 | D:3      | XOM: give mutations
  2354 | D:3      | Gained mutation: You are partially covered in iridescent
                  | scales. (AC +2) [Xom's mischief]
  2354 | D:3      | Gained mutation: You are agile. (Dex +4, Str/Int -1) [Xom's
                  | mischief]
  2354 | D:3      | Gained mutation: Your magical capacity is low. (-10% MP)
                  | [Xom's mischief]
  2619 | D:1      | Bought a blackened rapier for 162 gold pieces
  2619 | D:1      | Identified the +7 rapier of Compound Interest {speed,
                  | Dex+2} (You bought it in a shop on level 1 of the Dungeon)
  2665 | D:2      | XOM: god gift: runed wooden wand {god gift}
  2707 | D:4      | XOM: 4-stop teleportation journey
  2721 | D:4      | XOM: polymorph iguana -> frilled lizard
  2837 | D:4      | Reached XP level 6. HP: 49/53 MP: 7/7
  2876 | D:4      | Reached skill level 5 in Armour
  2953 | D:4      | Found a bloodstained altar of Trog.
  2953 | D:4      | XOM: scenery: 3 doors open, 1 doors close
  3253 | D:5      | Entered Level 5 of the Dungeon
  3278 | D:5      | Found a large runed translucent door.
  3278 | D:5      | Found a large runed translucent door.
  3307 | D:5      | XOM: enchant monster (bad)
  3434 | D:5      | XOM: silly message
  3496 | D:5      | Reached XP level 7. HP: 60/60 MP: 9/9
  3527 | D:5      | XOM: noise
  3697 | D:5      | Found a shimmering altar of Xom.
  3712 | D:5      | Identified the +2 rapier "Waivva" {chaos, ^Fragile rElec
                  | rPois Int-3}
  4040 | D:5      | Found a snail-covered altar of Cheibriados.
  4040 | D:5      | Found a hide-covered altar of Uskayaw.
  4095 | D:5      | XOM: give mutations
  4095 | D:5      | Gained mutation: You are very agile. (Dex +8, Str/Int -2)
                  | [Xom's grace]
  4095 | D:5      | Gained mutation: You have a pair of small antennae on your
                  | head. [Xom's grace]
  4266 | D:6      | XOM: cloud trail
  4313 | D:6      | Found a staircase to the Ecumenical Temple.
  4332 | D:6      | Reached XP level 8. HP: 48/67 MP: 11/11
  4695 | D:6      | Found a basalt altar of Yredelemnul.
  4758 | D:6      | Found a sparkling altar of Nemelex Xobeh.
  4898 | D:6      | Found a runed translucent door.
  4901 | D:6      | Noticed Crazy Yiuf
  4968 | D:6      | Killed Crazy Yiuf
  5089 | D:7      | XOM: silly message
  5219 | D:7      | Found a large runed translucent door.
  5219 | D:7      | Noticed a boulder beetle
  5220 | D:7      | Found a large runed translucent door.
  5237 | D:7      | Noticed a brown ugly thing
  5241 | D:7      | Reached XP level 9. HP: 70/73 MP: 13/13
  5254 | D:7      | Killed a brown ugly thing
  5255 | D:7      | Reached skill level 5 in Dodging
  5683 | D:7      | XOM: god gift: 24 gold pieces
  5757 | D:7      | Found a large runed translucent door.
  5759 | D:7      | Found a large runed translucent door.
  5788 | D:7      | Noticed a gargoyle
  5791 | D:7      | Killed a gargoyle
  5792 | D:7      | Reached skill level 5 in Invocations
  5907 | D:7      | Found a hazy altar of Hepliaklqana.
  5908 | D:7      | Found a faded altar of an unknown god.
  5908 | D:7      | Noticed a gargoyle
  5912 | D:7      | XOM: enchant monster (good)
  5913 | D:7      | Killed a gargoyle
  6058 | D:7      | XOM is BORED!
  6058 | D:7      | XOM: enchant monster (bad)
  6252 | D:7      | XOM: blink monster(s)
  6265 | D:7      | Killed a boulder beetle
  6266 | D:7      | Reached skill level 5 in Short Blades
  6266 | D:7      | Reached skill level 5 in Axes
  6266 | D:7      | Reached skill level 5 in Maces & Flails
  6266 | D:7      | Reached skill level 5 in Polearms
  6266 | D:7      | Reached skill level 5 in Staves
  6266 | D:7      | Reached skill level 5 in Ranged Weapons
  6266 | D:7      | Reached skill level 5 in Throwing
  6266 | D:7      | Reached skill level 5 in Stealth
  6266 | D:7      | Reached skill level 5 in Shields
  6266 | D:7      | Reached skill level 5 in Unarmed Combat
  6266 | D:7      | Reached skill level 5 in Spellcasting
  6266 | D:7      | Reached skill level 5 in Evocations
  6266 | D:7      | Reached XP level 10. HP: 56/82 MP: 14/16
  6363 | D:8      | Found Cudua's Jewellery Emporium.
  6429 | D:8      | Paralysed by a hornet for 3 turns
  6432 | D:8      | XOM: summons friendly ufetubus
  6433 | D:8      | XOM: 2-stop teleportation journey
  6638 | D:8      | Reached skill level 5 in Shapeshifting
  6649 | D:8      | XOM: enchant monster (good)
  7371 | D:9      | Noticed a kobold demonologist
  7379 | D:9      | XOM: 5-stop teleportation journey
  7384 | D:9      | XOM: scenery: create altars
  7397 | D:9      | XOM: chaos upgrade
  7408 | D:9      | Killed a kobold demonologist
  7438 | D:9      | XOM: confusion (+ monsters)
  7461 | D:9      | Reached skill level 5 in Conjurations
  7461 | D:9      | Reached skill level 5 in Hexes
  7461 | D:9      | Reached skill level 5 in Summonings
  7461 | D:9      | Reached skill level 5 in Necromancy
  7461 | D:9      | Reached skill level 5 in Translocations
  7461 | D:9      | Reached skill level 5 in Fire Magic
  7461 | D:9      | Reached skill level 5 in Ice Magic
  7461 | D:9      | Reached skill level 5 in Air Magic
  7461 | D:9      | Reached skill level 5 in Earth Magic
  7461 | D:9      | Reached skill level 5 in Alchemy
  7616 | D:9      | Reached XP level 11. HP: 89/89 MP: 18/18
  7627 | D:9      | XOM: give mutations
  7627 | D:9      | Lost mutation: You are very agile. (Dex +8, Str/Int -2)
                  | [Xom's mischief]
  7627 | D:9      | Gained mutation: You are frail. (-10% HP) [Xom's mischief]
  7627 | D:9      | Gained mutation: Your health recovers twice as slowly from
                  | being drained. [Xom's mischief]
  7707 | D:9      | Found an iron altar of Okawaru.
  7749 | D:9      | Found a staircase to the Lair.
  7835 | D:10     | Entered Level 10 of the Dungeon
  7890 | D:10     | Found a staircase to the Orcish Mines.
  7898 | D:10     | Noticed a two-headed ogre
  7910 | D:10     | Killed a two-headed ogre
  8134 | D:10     | Found a runed translucent door.
  8136 | D:10     | Found a runed translucent door.
  8453 | D:10     | XOM: enchant monster (good)
  8603 | D:10     | XOM: blink monster(s)
  8608 | D:10     | XOM: enchant monster (bad)
  8613 | D:10     | XOM: potion effect (curing)
  8632 | D:10     | XOM: polymorph giant cockroach -> giant cockroach
  8906 | D:11     | Noticed a boulder beetle
  8913 | D:11     | XOM: summons 11 friendly demons
  8924 | D:11     | Killed a boulder beetle
  9132 | D:11     | XOM: 1-stop teleportation journey
  9152 | D:11     | Identified the maw talisman of Good Intentions {rN++ Int-5}
  9339 | D:11     | Found a runed translucent door.
  9339 | D:11     | Noticed a boulder beetle
  9339 | D:11     | Noticed a manticore
  9339 | D:11     | Noticed a two-headed ogre
  9342 | D:11     | Found a runed translucent door.
  9342 | D:11     | Noticed a deep elf pyromancer
  9343 | D:11     | Found a runed translucent door.
  9420 | D:11     | XOM: god gift: potion of heal wounds
  9546 | D:11     | Noticed a white ugly thing
  9548 | D:11     | XOM: potion effect (berserk rage)
  9549 | D:11     | XOM: enchant monster (good)
  9554 | D:11     | Killed a white ugly thing
  9629 | D:11     | XOM: 6-stop teleportation journey
  9781 | D:10     | XOM is BORED!
  9815 | Lair:1   | Entered Level 1 of the Lair of Beasts
  9828 | Lair:1   | XOM: snakes to sticks
  9846 | Lair:1   | XOM: enchant monster (good)
  9857 | Lair:1   | XOM: summons friendly quasit
  9876 | Lair:1   | Learned a level 3 spell: Dazzling Flash
  9884 | Lair:1   | XOM: noise
  9900 | Lair:1   | XOM: divination: magic mapping
  9904 | Lair:1   | XOM: divination: magic mapping
  9918 | Lair:1   | Reached XP level 12. HP: 87/87 MP: 14/20
  9968 | Lair:1   | XOM: summons 3 friendly demons
 10005 | Lair:1   | XOM: confuse monster(s)
 10010 | Lair:1   | XOM: 4-stop teleportation journey
 10067 | Lair:1   | Found a gate leading to a gauntlet.
 10070 | Lair:1   | XOM: enchant monster (good)
 10077 | Gauntlet | Entered a Gauntlet
 10077 | Gauntlet | Found a transporter.
 10077 | Gauntlet | Found a transporter.
 10078 | Gauntlet | Found a transporter.
 10078 | Gauntlet | Found a transporter.
 10081 | Gauntlet | Found a transporter.
 10081 | Gauntlet | Found a transporter.
 10085 | Gauntlet | Noticed a ghost crab
 10093 | Gauntlet | Found a transporter.
 10095 | Gauntlet | Found a transporter.
 10098 | Gauntlet | Noticed a quicksilver ooze
 10105 | Gauntlet | Noticed a hell hog
 10107 | Gauntlet | Found a transporter.
 10207 | Gauntlet | Found a transporter.
 10211 | Gauntlet | Found a transporter.
 10221 | Gauntlet | Found a transporter.
 10329 | Gauntlet | XOM: polymorph sixfirhy -> rust devil
 10343 | Gauntlet | XOM: scenery: summon butterflies
 10352 | Gauntlet | Reached skill level 10 in Fighting
 10352 | Gauntlet | Reached skill level 10 in Long Blades
 10394 | Gauntlet | Identified the +2 hat "Nohu" {^Contam Will+ Int+2 Dex+3}
 10395 | Gauntlet | XOM: cleaving
 10437 | Gauntlet | Found the +0 pair of gloves of the gadgeteer {Gadgeteer
                  | Wandboost ^Fragile}
 10437 | Gauntlet | Noticed a minotaur
 10446 | Gauntlet | Killed a minotaur
 10454 | Gauntlet | epen: ??gadgeteer
 10454 | Gauntlet | beem: gizmo[2/2]: Gadgeteer is 30% faster evoker recharges
                  | + a 30% chance to conserve wand charges. ManaRev is
                  | RegenMP++ at full {Rev}. ParryRev is +5 AC and a tiny
                  | chance to disarm at full {Rev}, checking both player XL and
                  | victim HD. AutoDazzle rarely fires a revenging non-damaging
                  | blinding beam when you dodge attacks.
 10485 | Lair:1   | XOM: noise
 10519 | Lair:1   | XOM: give mutations
 10519 | Lair:1   | Gained mutation: You expend magic power (3 MP) to
                  | strengthen your wands. [Xom's grace]
 10519 | Lair:1   | Gained mutation: You are strong-willed. (Will+) [Xom's
                  | grace]
 10519 | Lair:1   | Gained mutation: Your muscles are strong. (Str +4, Int/Dex
                  | -1) [Xom's grace]
 10519 | Lair:1   | Gained mutation: You have a pair of antennae on your head.
                  | [Xom's grace]
 10578 | Lair:1   | XOM: polymorph dream sheep -> wolf spider
 10584 | Lair:1   | XOM: summons friendly quasit
 10586 | Lair:1   | XOM: blink monster(s)
 10721 | Lair:1   | You fall into a shaft and drop 1 floor!
 10721 | Lair:2   | Noticed a boulder beetle
 10737 | Lair:2   | Killed a boulder beetle
 10797 | Lair:2   | Noticed a death yak
 10797 | Lair:2   | Noticed a death yak
 10798 | Lair:2   | Noticed a death yak
 10798 | Lair:2   | Noticed a death yak
 10809 | Lair:2   | XOM: divination: detect items
 10815 | Lair:1   | XOM: confuse monster(s)
 10828 | Lair:1   | Killed a death yak
 10832 | Lair:1   | Killed a death yak
 10832 | Lair:1   | XOM: potion effect (might)
 10837 | Lair:1   | Killed a death yak
 11231 | Lair:2   | XOM: cast spell 'Summon Small Mammal'
 11241 | Lair:2   | Killed a death yak
 11268 | Lair:2   | XOM: silly message
 11273 | Lair:2   | XOM: summons 3 friendly demons
 11315 | Lair:2   | XOM: give mutations
 11315 | Lair:2   | Gained mutation: Your flesh is heat resistant. (rF+) [Xom's
                  | grace]
 11315 | Lair:2   | Lost mutation: Your magical capacity is low. (-10% MP)
                  | [Xom's grace]
 11315 | Lair:2   | Gained mutation: You have sharp toenails. [Xom's grace]
 11315 | Lair:2   | Gained mutation: You passively map a small area around you.
                  | [Xom's grace]
 11341 | Lair:2   | XOM: scenery: summon butterflies
 11342 | Lair:2   | Reached XP level 13. HP: 93/93 MP: 21/25
 11472 | Lair:2   | XOM: enchant monster (good)
 11501 | Lair:2   | XOM: give mutations
 11501 | Lair:2   | Lost mutation: You have sharp toenails. [Xom's grace]
 11501 | Lair:2   | Gained mutation: You have large cloven feet. [Xom's grace]
 11501 | Lair:2   | Gained mutation: Your flesh is cold resistant. (rC+) [Xom's
                  | grace]
 11501 | Lair:2   | Gained mutation: Your flesh is very cold resistant. (rC++)
                  | [Xom's grace]
 11501 | Lair:2   | Gained mutation: You are highly strong-willed. (Will++)
                  | [Xom's grace]
 11548 | Lair:2   | Found a staircase to the Swamp.
 11824 | Lair:2   | XOM: summons friendly crimson imp
 11826 | Lair:2   | XOM: summons friendly quasit
 11952 | Lair:2   | Noticed Harold
 11966 | Lair:2   | Killed Harold
 12064 | Lair:2   | Found a staircase to the Snake Pit.
 12071 | Lair:2   | XOM: summons friendly iron imp
 12082 | Lair:2   | XOM: god gift: scroll of teleportation
 12234 | Lair:3   | Found a runed translucent gate.
 12234 | Lair:3   | Found a runed translucent gate.
 12239 | Lair:3   | XOM: polymorph yak -> centaur
 12242 | Lair:3   | XOM: confuse monster(s)
 12252 | Lair:3   | XOM: enchant monster (good)
 12415 | Lair:3   | Noticed Amaemon
 12426 | Lair:3   | XOM: confuse monster(s)
 12428 | Lair:3   | Killed Amaemon
 12481 | Lair:3   | Noticed a minotaur
 12484 | Lair:3   | Noticed Twiddyhohoho's ghost (journeyman TrWr)
 12516 | Lair:3   | XOM: summons friendly iron imp
 12678 | Lair:3   | Found a runed translucent gate.
 12715 | Lair:3   | Reached skill level 10 in Armour
 13372 | Lair:4   | XOM: enchant monster (good)
 13377 | Lair:4   | XOM: fog
 13378 | Lair:4   | XOM: confuse monster(s)
 13379 | Lair:4   | XOM: destruction
 13383 | Lair:4   | XOM: summons friendly iron imp
 13384 | Lair:4   | XOM: cast spell 'Summon Hydra'
 13521 | Lair:4   | XOM: summons 7 hostile demons
 13564 | Lair:4   | Found a staircase to the Slime Pits.
 13564 | Lair:4   | Found a viscous altar of Jiyva.
 13641 | Lair:4   | XOM: god gift: 516 gold pieces
 13709 | Lair:4   | XOM: potion effect (might)
 13711 | Lair:4   | XOM: potion effect (haste)
 13783 | Lair:4   | Reached XP level 14. HP: 101/101 MP: 27/27
 14051 | Lair:4   | Reached skill level 10 in Invocations
 14087 | Lair:4   | XOM: divination: detect items
 14157 | Lair:4   | XOM: god gift: trident {god gift}
 14225 | Lair:5   | Entered Level 5 of the Lair of Beasts
 14235 | Lair:4   | XOM: divine lightning
 14322 | Lair:5   | XOM: enchant monster (good)
 14358 | Lair:5   | XOM: snakes to sticks
 14375 | Lair:5   | XOM: potion effect (magic)
 14381 | Lair:4   | XOM: divination: detect items
 14468 | Lair:4   | XOM: confusion
 14505 | Lair:4   | XOM: repel stairs
 14587 | Lair:5   | XOM: swap monsters
 14601 | Lair:5   | XOM: noise
 14617 | Lair:5   | XOM: enchant monster (bad)
 14619 | Lair:5   | XOM: cast spell 'Leda's Liquefaction'
 14636 | Lair:5   | XOM: confuse monster(s)
 14716 | Lair:5   | XOM: polymorph black bear -> killer bee
 14811 | Lair:5   | Got Sif Muna's Tome of the Mausoleum and Location
 14842 | Lair:5   | XOM: god gift: shiny sapphire ring {god gift}
 14980 | Lair:5   | Reached skill level 10 in Dodging
 14992 | Lair:5   | XOM: enchant monster (bad)
 15089 | Lair:5   | XOM: confuse monster(s)
 15154 | Lair:5   | XOM: summons 10 friendly demons
 15226 | Lair:5   | XOM: polymorph blink frog -> bat
 15234 | Lair:5   | XOM: enchant monster (bad)
 15247 | Lair:5   | XOM: destruction
 15248 | Lair:5   | XOM: destruction
 15277 | Lair:5   | XOM: noise
 15283 | Lair:5   | XOM: enchant monster (good)
 15310 | Lair:5   | XOM: chaos cloud
 15363 | Lair:5   | Found a corrupted altar of Lugonu.
 15363 | Lair:5   | Found a one-way gate to the infinite horrors of the Abyss.
 15409 | Lair:5   | XOM: divination: detect creatures
 15933 | D:11     | Reached skill level 10 in Short Blades
 15933 | D:11     | Reached skill level 10 in Axes
 15933 | D:11     | Reached skill level 10 in Maces & Flails
 15933 | D:11     | Reached skill level 10 in Polearms
 15933 | D:11     | Reached skill level 10 in Staves
 15933 | D:11     | Reached skill level 10 in Ranged Weapons
 15933 | D:11     | Reached skill level 10 in Throwing
 15933 | D:11     | Reached skill level 10 in Stealth
 15933 | D:11     | Reached skill level 10 in Shields
 15933 | D:11     | Reached skill level 10 in Unarmed Combat
 15933 | D:11     | Reached skill level 10 in Spellcasting
 15933 | D:11     | Reached skill level 10 in Evocations
 16113 | D:11     | Reached XP level 15. HP: 108/108 MP: 27/29
 16175 | D:11     | Found a runed translucent door.
 16249 | D:11     | XOM: enchant monster (good)
 16251 | D:11     | XOM: cast spell 'Cause Fear'
 16286 | D:11     | Identified the +5 scale mail "Ikowoska" {Int+2 Dex+3}
 16287 | D:11     | Identified the +5 scale mail of Perfidy {*Corrode Will++
                  | Regen+ Stlth+}
 16288 | D:11     | Identified the +7 chain mail of the Floral God {^Contam
                  | +Blink Dex+3 Slay+2}
 16292 | D:11     | Identified the staff "Nois" {rPois Str+5 Dex-4 Alchemy}
 16295 | D:11     | XOM: cloud trail
 16296 | D:11     | XOM: silly message
 16684 | D:11     | XOM: silly message
 16754 | D:12     | XOM: divination: detect items
 16759 | D:12     | XOM: summons friendly crimson imp
 16861 | D:12     | XOM: noise
 16902 | D:12     | Found Kaerroafe's Armour Shop.
 16902 | D:12     | XOM: 7-stop teleportation journey
 16949 | D:12     | Found a transporter.
 16949 | D:12     | Found Zioff's Assorted Antiques.
 16952 | D:12     | Found a transporter.
 16989 | D:12     | Found Bukleget's Armour Emporium.
 17082 | D:12     | Found Asoqikhe's General Store.
 17086 | D:12     | XOM: noise
 17087 | D:12     | XOM: confuse monster(s)
 17104 | D:12     | Found Bipnei Keri's Jewellery Shoppe.
 17453 | D:13     | XOM: silly message
 17455 | D:13     | XOM: divination: detect items
 17457 | D:13     | XOM: potion effect (brilliance)
 17458 | D:13     | XOM: enchant monster (good)
 17714 | D:13     | Found a gate to the Vaults.
 17715 | D:13     | Noticed Lodul
 17716 | D:13     | Noticed Urug
 17724 | D:13     | XOM: polymorph orc knight -> golden eye
 17731 | D:13     | XOM: confuse monster(s)
 17756 | D:13     | Killed Urug
 17776 | D:13     | XOM: silly message
 17792 | D:13     | XOM: cast spell 'Summon Small Mammal'
 17815 | D:13     | Killed Lodul
 18195 | D:14     | XOM: summons friendly quasit
 18198 | D:14     | XOM: enchant monster (good)
 18362 | D:14     | XOM: scenery: 1 doors open
 18403 | D:14     | XOM: confuse monster(s)
 18472 | D:14     | XOM: scenery: 1 doors close
 18605 | D:14     | XOM: give mutations
 18605 | D:14     | Gained mutation: Your flesh is almost immune to the effects
                  | of cold. (rC+++) [Xom's grace]
 18605 | D:14     | Lost mutation: You are frail. (-10% HP) [Xom's grace]
 18605 | D:14     | Gained mutation: You are extremely strong-willed. (Will+++)
                  | [Xom's grace]
 18605 | D:14     | Gained mutation: You possess an exceptional clarity of
                  | mind. [Xom's grace]
 18712 | D:14     | XOM: cloud trail
 18752 | D:14     | XOM: 1-stop teleportation journey
 18840 | D:15     | Entered Level 15 of the Dungeon
 18840 | D:15     | Noticed Josephine
 18842 | D:15     | XOM: summons 12 friendly demons
 18847 | D:15     | XOM: confuse monster(s)
 18851 | D:15     | Killed Josephine
 18929 | D:15     | XOM: cast spell 'Summon Dragon'
 18951 | D:15     | Noticed Louise
 18968 | D:15     | XOM: confuse monster(s)
 18968 | D:15     | Killed Louise
 18971 | D:15     | Reached skill level 10 in Shapeshifting
 19062 | D:15     | Reached XP level 16. HP: 129/129 MP: 30/30
 19148 | D:15     | Identified the +3 demon whip of Hukeadgh {drain, Str+4}
 19475 | D:15     | XOM: cleaving
 19507 | D:15     | XOM: enchant monster (bad)
 19514 | D:15     | XOM: potion effect (berserk rage)
 19516 | D:15     | XOM: enchant monster (good)
 19522 | D:15     | XOM: silly message
 19523 | D:15     | XOM: confuse monster(s)
 19567 | D:15     | Found a staircase to the Depths.
 19573 | D:15     | XOM: polymorph moth of wrath -> glowing shapeshifter
 19704 | D:15     | XOM: give mutations
 19704 | D:15     | Lost mutation: Your muscles are strong. (Str +4, Int/Dex
                  | -1) [Xom's mischief]
 19704 | D:15     | Lost mutation: Your health recovers twice as slowly from
                  | being drained. [Xom's mischief]
 19704 | D:15     | Lost mutation: You are agile. (Dex +4, Str/Int -1) [Xom's
                  | mischief]
 19704 | D:15     | Lost mutation: You passively map a small area around you.
                  | [Xom's mischief]
 19855 | D:12     | XOM: give mutations
 19855 | D:12     | Gained mutation: You are agile. (Dex +4, Str/Int -1) [Xom's
                  | grace]
 19855 | D:12     | Lost mutation: You have large cloven feet. [Xom's grace]
 19855 | D:12     | Gained mutation: You have sharp toenails. [Xom's grace]
 19855 | D:12     | Gained mutation: Your mind is acute. (Int +4, Str/Dex -1)
                  | [Xom's grace]
 19882 | Orc:1    | Entered Level 1 of the Orcish Mines
 19927 | Orc:1    | Noticed Jorgrun
 19948 | Orc:1    | Killed Jorgrun
 19987 | Orc:1    | XOM: god gift: 3 javelins
 20065 | Orc:1    | XOM: summons 3 hostile shadow creatures
 20148 | Orc:1    | Noticed Sonja
 20149 | Orc:1    | Found a roughly hewn altar of Beogh.
 20152 | Orc:1    | XOM: summons friendly iron imp
 20153 | Orc:1    | Killed Sonja
 20363 | Orc:2    | Entered Level 2 of the Orcish Mines
 20366 | Orc:2    | XOM: summons friendly chaos spawn
 20372 | Orc:2    | XOM: give mutations
 20372 | Orc:2    | Gained mutation: You are partially covered in large bone
                  | plates. (SH +4) [Xom's grace]
 20372 | Orc:2    | Gained mutation: Your mind is very acute. (Int +8, Str/Dex
                  | -2) [Xom's grace]
 20374 | Orc:2    | XOM: scenery: summon butterflies
 20378 | Orc:2    | Noticed Donald
 20379 | Orc:2    | XOM: scenery: summon butterflies
 20382 | Orc:2    | XOM: polymorph orc -> giant cockroach
 20394 | Orc:2    | XOM: cast spell 'Leda's Liquefaction'
 20450 | Orc:2    | XOM: destruction
 20458 | Orc:2    | Killed Donald
 20482 | Orc:2    | Found a roughly hewn altar of Beogh.
 20617 | Orc:2    | Found a roughly hewn altar of Beogh.
 20693 | Orc:2    | Found a roughly hewn altar of Beogh.
 20712 | Orc:2    | Found a roughly hewn altar of Beogh.
 20728 | Orc:2    | XOM: polymorph orc warrior -> shapeshifter
 20728 | Orc:2    | Noticed Snorg
 20737 | Orc:2    | XOM: summons 2 friendly demons
 20741 | Orc:2    | Killed Snorg
 20762 | Orc:2    | XOM: confuse monster(s)
 20784 | Orc:2    | Found Daedd's Antique Weapon Emporium.
 20802 | Orc:2    | Found Teung's Antique Armour Shoppe.
 20803 | Orc:2    | Found a roughly hewn altar of Beogh.
 20933 | Orc:2    | Found a roughly hewn altar of Beogh.
 20954 | Orc:2    | Found a roughly hewn altar of Beogh.
 20959 | Orc:2    | Found Mujuyst's Antique Armour Emporium.
 21073 | Orc:2    | Found Myalafaj's Armour Boutique.
 21078 | Orc:2    | Found a staircase to the Elven Halls.
 21127 | Orc:2    | Found a roughly hewn altar of Beogh.
 21148 | Orc:2    | Found Azajelus's Magic Scroll Shop.
 21159 | Orc:2    | XOM: 5-stop teleportation journey
 21329 | Elf:1    | Entered Level 1 of the Elven Halls
 21331 | Elf:1    | XOM: potion effect (haste)
 21546 | Elf:1    | XOM: potion effect (heal wounds)
 21641 | Elf:1    | Paralysed by an air elemental for 1 turns
 21662 | Elf:1    | XOM: give mutation
 21662 | Elf:1    | Gained mutation: Your muscles are strong. (Str +4, Int/Dex
                  | -1) [Xom's grace]
 21742 | Elf:1    | XOM: confuse monster(s)
 21745 | Elf:1    | Found a crumbling gateway.
 21812 | Desolati | Entered the Desolation of Salt
 21840 | Desolati | XOM: blink monster(s)
 21978 | Desolati | XOM: blink monster(s)
 21982 | Desolati | XOM: scenery: summon butterflies
 21991 | Desolati | XOM: scenery: create altars
 22002 | Desolati | XOM: divine lightning
 22009 | Desolati | XOM: swap monsters
 22010 | Desolati | Killed from afar by a halazid warlock

Illustrated notes

Levels and vault maps discovered:
D:1:      lightli_arrival_flooded_house, layout_loops_ring, serial_shops, shop,
          shop, shop, grunt_decor_arrowhead
D:2:      layout_basic, serial_shops, nicolae_shop_bloodbath_and_beyond,
          hellmonk_ecumenical_altar_arch_garden
D:3:      layout_loops_ring, pf_just_have_faith,
          grunt_dithmenos_smoke_and_mirrors, gammafunk_ghost_mausoleum
D:4:      layout_basic, mainiacjoe_overflow_six_doors_small,
          grunt_decor_resistance
D:5:      due_chaos_kobolds, layout_loops_cross, amethyst_overflow_temple_binary
D:6:      layout_gridville, nemelex_dance_club_becter, old_standard_altar,
          minmay_temple_entry_slanted, uniq_crazy_yiuf_cottage
D:7:      layout_loops_corners, beargit_hepliaklqana_dungeon_heroes,
          minmay_hollow_rounded_squares
D:8:      layout_rooms, serial_shops, nicolae_shop_hallway_stairs,
          serial_rivers, chequers_serial_rivers_micro_b,
          chequers_serial_rivers_room_a, chequers_serial_rivers_micro_b,
          chequers_serial_rivers_small_3, chequers_serial_rivers_micro_d
D:9:      layout_irregular_city, mainiacjoe_overflow_concentric_impassable,
          lair_entry_dummy
D:10:     lemuel_insect_pit, layout_irregular_city, orc_0_dummy
D:11:     minmay_the_grid_triangle_9x9_recursive_3
          [minmay_the_grid_triangle_9x9_shrine,
          minmay_the_grid_triangle_9x9_subtriangle,
          minmay_the_grid_triangle_9x9_limited_checkers,
          minmay_the_grid_triangle_9x9_prize_center,
          minmay_the_grid_triangle_9x9_fully_insulated_deathbox,
          minmay_the_grid_triangle_9x9_from_above,
          minmay_the_grid_triangle_9x9_negative_grid,
          minmay_the_grid_triangle_9x9_wacky_v,
          minmay_the_grid_triangle_9x9_corrupted_corridor], layout_basic
D:12:     layout_rooms, serial_shops, nicolae_shop_mannequins, shop,
          nicolae_shop_drivethru, shop, shop
D:13:     layout_long_grid, david_vaults_3
D:14:     layout_roguey, hangedman_decor_opposing
D:15:     gammafunk_enter_depths_forms, layout_rooms, chequers_big_river,
          uniq_josephine, uniq_louise
Lair:1:   layout_gridlike, gauntlet_entry_generic, pdpol_lair_neglected_garden
Lair:2:   layout_hall_layers, swamp_mist, nicolae_snake_entry_squirm,
          hellmonk_talismancer, uniq_harold
Lair:3:   layout_long_grid, maelrawn_ghost_gauntlet_escape,
          serial_bayou_shore_b, uniq_amaemon
Lair:4:   layout_cave_pods, minmay_slime_entry_pillars
Lair:5:   hellmonk_lair_end_abyssal_woods, layout_misc_corridors, st_stairs_10,
          gammafunk_lair_bear_cave
Orc:1:    layout_caves, basic_altar, uniq_sonja, uniq_jorgrun
Orc:2:    grunt_orc_community_town_hall, layout_diamond_mine,
          grunt_orc_community_big_house_2, grunt_orc_community_big_house_2,
          grunt_orc_community_house_2, grunt_orc_community_house_1,
          grunt_orc_community_house_1, grunt_orc_community_house_1,
          grunt_orc_community_house_3, serial_shops,
          nicolae_shop_advertising_works [nicolae_subvault_shop_adworks],
          uniq_snorg, uniq_donald
Elf:1:    minmay_elf_arrival_summoners, layout_gridlike,
          portal_desolation_entry_nicolae_nacl, minmay_elf_necromancy,
          serial_sigils_hangedman_etch
Desolation

Skill      XL: |  1  2  3  4  5  6  7  8  9 10 11 12 13 14 15 16 |
---------------+-------------------------------------------------+-----
Invocations    | 1 2 3 4 5 6 7 8 9 10 11 12 | 12.6
Short Blades   | 1 2 3 5 6 7 8 9 10 11 | 11.6
Axes           | 1 2 3 5 6 7 8 9 10 11 | 11.6
Maces & Flails | 1 2 3 5 6 7 8 9 10 11 | 11.6
Polearms       | 1 2 3 5 6 7 8 9 10 11 | 11.6
Staves         | 1 2 3 5 6 7 8 9 10 11 | 11.6
Ranged Weapons | 1 2 3 5 6 7 8 9 10 11 | 11.6
Throwing       | 1 2 3 5 6 7 8 9 10 11 | 11.6
Stealth        | 1 2 3 5 6 7 8 9 10 11 | 11.6
Shields        | 1 2 3 5 6 7 8 9 10 11 | 11.6
Unarmed Combat | 1 2 3 5 6 7 8 9 10 11 | 11.6
Spellcasting   | 1 2 3 5 6 7 8 9 10 11 | 11.6
Evocations     | 1 2 3 5 6 7 8 9 10 11 | 11.6
Shapeshifting  | 1 2 3 4 5 6 7 8 9 10 | 10.6
Dodging        | 3 4 5 6 7 8 9 10 11 | 11.9
Conjurations   | 1 2 3 4 5 6 7 8 9 |  9.8
Hexes          | 1 2 3 4 5 6 7 8 9 |  9.8
Summonings     | 1 2 3 4 5 6 7 8 9 |  9.8
Necromancy     | 1 2 3 4 5 6 7 8 9 |  9.8
Translocations | 1 2 3 4 5 6 7 8 9 |  9.8
Fire Magic     | 1 2 3 4 5 6 7 8 9 |  9.8
Ice Magic      | 1 2 3 4 5 6 7 8 9 |  9.8
Air Magic      | 1 2 3 4 5 6 7 8 9 |  9.8
Earth Magic    | 1 2 3 4 5 6 7 8 9 |  9.8
Alchemy        | 1 2 3 4 5 6 7 8 9 |  9.8
Armour         | 5 6 7 8 9 10 11 12 | 12.4
Fighting       | 7 8 9 10 11 12 13 | 13.2
Long Blades    | 7 8 9 10 11 12 13 | 13.2

Action                     |  1- 3 |  4- 6 |  7- 9 | 10-12 | 13-15 | 16-18 || total
---------------------------+-------+-------+-------+-------+-------+-------++-------
  Melee: Falchion          |    90 |   113 |       |       |       |       ||   203
         Bite              |    13 |    10 |    31 |   113 |   265 |   117 ||   549
         Rapier            |       |    56 |   168 |   666 |  1365 |   637 ||  2892
   Cast: Dazzling Flash    |       |       |       |    17 |    72 |    33 ||   122
  Evoke: Wand              |       |       |     8 |    12 |       |       ||    20
         Gell's gravitambo |       |       |       |     4 |     1 |     2 ||     7
         Tin of tremorston |       |       |       |       |       |     4 ||     4
    Use: Scroll            |       |     6 |     9 |     8 |     4 |     3 ||    30
         Potion            |       |       |       |       |     1 |     1 ||     2
   Stab: Sleeping          |       |     5 |     9 |    16 |    20 |     8 ||    58
         Confused          |       |     1 |       |       |    20 |     5 ||    26
         Invisible         |       |       |     4 |    10 |    62 |    37 ||   113
         Paralysed         |       |       |     1 |       |     1 |       ||     2
         Distracted        |       |       |       |     6 |    15 |     1 ||    22
         Petrifying        |       |       |       |     3 |       |       ||     3
 Armour: Leather armour    |    39 |    89 |    69 |   192 |       |       ||   389
         Ring mail         |       |       |       |    38 |   275 |       ||   313
         Chain mail        |       |       |       |       |   109 |   204 ||   313
  Dodge: Dodged            |    47 |    87 |    42 |   414 |   811 |   205 ||  1606
  Block: Other             |       |    27 |    18 |       |       |       ||    45
         Reflection        |       |       |     2 |       |       |       ||     2
         Buckler           |       |       |       |   157 |   480 |   256 ||   893

Table legend: (Time is in decaauts)
 A = Elapsed time spent in this place.
 B = Non-inter-level travel time spent in this place.
 C = Inter-level travel time spent in this place.
 D = Time resting spent in this place.
 E = Time spent auto-exploring this place.
 F = Levels seen in this place.
 G = Mean time per level.
                   A        B        C        D        E       F      G
               +--------+--------+--------+--------+--------+-----+--------+
         Total |  20712 |  19501 |   1211 |   1309 |  13616 |  25 |  828.5 |
       Dungeon |  13416 |  12536 |    880 |    815 |   9349 |  15 |  894.4 |
          Lair |   5096 |   4871 |    225 |    268 |   3243 |   5 | 1019.2 |
  Orcish Mines |   1291 |   1196 |     95 |     39 |    815 |   2 |  645.5 |
   Elven Halls |    357 |    346 |     11 |     49 |     69 |   1 |  357.0 |
    Desolation |    173 |    173 |      0 |    119 |      0 |   1 |  173.0 |
      Gauntlet |    377 |    377 |      0 |     18 |    139 |   1 |  377.0 |
               +--------+--------+--------+--------+--------+-----+--------+

Top non-repeatable levels by time:
    D:11: 1882 daAuts
     D:7: 1338 daAuts
  Lair:4: 1157 daAuts
  Lair:2: 1044 daAuts
  Lair:5: 1029 daAuts
  Lair:3: 993 daAuts
     D:2: 952 daAuts
    D:15: 924 daAuts
     D:3: 907 daAuts
    D:10: 886 daAuts
  Lair:1: 872 daAuts
     D:6: 868 daAuts
     D:5: 848 daAuts
     D:8: 782 daAuts
    D:13: 778 daAuts
